E, lawful female human Samurai ---- ----- --------|..| ---- ---...|---- |.*.|..--..| ---..| |.....--..-- ---- --........--- |....| |..........| ---- --..| |..........| |....| --[|.......| ----..-- |.))-- |.....----.--- --...| ----......-- ------......-- ---.-#.-- --.---- |...| --....| |........| |...|........| |...||.^| |.|--------.----.....-- --.......---- ---.........--.-----.---|..| --.--...| |...........| |-.........| |..........--|..||...| --.| --.......| --.....).%.-- --..........--|..........|--.---.--- |*| |........| --....%..-- |.............|......|.---|.--...| |.| --.<....-| --...)...-- --.........^.......----- |.....-| |.|------.......| ---.........-- ---.......>.......| --@.(..| |.|.............|--.....--.--..| --..............-| ---%....| |)|..----...-----|......-------- --................-- |.......--- |....|--....| |..---...-- -------..........-----...------)........| ---.----|.....| |..|--....-- |.............................*(........| |...| --....| ----|......| |.......----.-----------------------...-- |..-- --...| |.....-- --..----- --- ----- ---- ----- --.---- ---- --- E the Joshu Experience level: 11 Strength: 18/05 Dexterity: 18 Constitution: 19 Intelligence: 12 Wisdom: 8 Charisma: 7 Health: 100(100) Energy: 33(33) Def: 11 Gold: 1848 Moves: 16668 Dungeon seed: dwqceguT7p6nDuoN Game ID: E_1435676673 Your Inventory: Coins $ - 1848 gold pieces Amulets p - a cursed amulet of change Weapons a - the blessed greased rustproof +0 Excalibur b - a blessed greased +0 katana (alternate weapon; not wielded) c - a +1 yumi d - 38 +0 ya (in quiver) Armor q - an uncursed +0 pair of water walking boots (weapon in hand) u - an uncursed +1 orcish chain mail (being worn) y - an uncursed +0 pair of elven boots z - an uncursed +0 pair of jumping boots P - a blessed +3 pair of iron shoes (being worn) R - an uncursed burnt +0 elven leather helm (being worn) X - an uncursed +0 oilskin cloak (being worn) Comestibles m - 8 uncursed gunyoki x - 4 uncursed lizard corpses U - 9 uncursed slime molds W - 2 uncursed lembas wafers Scrolls n - a cursed scroll of confuse monster s - 4 uncursed scrolls of teleportation B - a blessed scroll of light N - an uncursed scroll of genocide Y - 2 uncursed scrolls of earth Potions g - 2 uncursed potions of water j - an uncursed potion of gain level t - an uncursed potion of object detection A - a blessed potion of object detection Rings h - an uncursed ring of teleport control (on left hand) i - an uncursed ring of free action o - a cursed ring of aggravate monster C - an uncursed ring of polymorph control F - an uncursed +1 ring of gain constitution (on right hand) G - an uncursed ring of levitation Wands k - a wand of magic missile (0:2) l - a wand of teleportation (0:3) r - a wand of digging (0:6) v - a cursed wand of make invisible (0:4) w - a wand of digging (0:2) I - a wand of magic missile (0:0) K - a wand of magic missile (0:0) L - a cursed wand of polymorph (0:5) M - a wand of secret door detection (0:12) S - a wand of striking (0:0) T - a wand of striking (0:2) V - a wand of teleportation (0:6) Tools e - a magic marker (1:50) f - an uncursed magic whistle E - a cursed greased magic lamp (lit) H - a +0 pick-axe J - an uncursed skeleton key O - an uncursed towel Q - a -1 unicorn horn Z - a can of grease (0:13) Gems D - an uncursed flint stone Spells known in the end: Name Level Category Fail Memory a - confuse monster 2 enchantment 100% 99% Your skills at the end: Fighting Skills martial arts [Basic] Weapon Skills short sword [Basic] long sword [Skilled] bow [Basic] Spellcasting Skills Final Attributes: You were fervently aligned. You were telepathic. You had teleport control. You were fast. You were lucky. You survived. Vanquished creatures: 2 vampires 4 giant mimics an ogre king a large mimic 2 stalkers a hill giant 3 elf-lords a winter wolf a glass piercer a xan 3 ettin mummies an ogre lord 2 trolls a gelatinous cube a shocking sphere 3 tigers a gargoyle a leocrotta a mountain centaur an elf mummy a red naga a pit viper a cobra a wraith 2 ettin zombies a succubus 2 incubi a chameleon 3 giant beetles a quivering blob a cockatrice 4 wolves a panther a leprechaun a mountain nymph an iron piercer 3 giant spiders a horse 3 vampire bats a forest centaur 2 gnome kings an orc mummy 2 dwarf mummies a gold golem 2 Green-elves 5 lizards 3 chickatrices 2 dogs a housecat 2 jaguars a blue jelly 2 water nymphs a black unicorn a raven a plains centaur 3 gnome mummies a snake 8 apes a human zombie 4 soldier ants a fire ant 5 bugbears 2 wood nymphs 13 Mordor orcs 4 rock piercers 3 ponies a fog cloud a yellow light 3 shriekers a violet fungus 20 gnome lords 6 gnomish wizards 3 kobold mummies a red naga hatchling a black naga hatchling a guardian naga hatchling a barrow wight an elf zombie 4 straw golems 3 paper golems 11 giant ants a little dog 3 floating eyes a kitten 6 dwarves 2 homunculi 3 kobold lords 2 kobold shamans 5 hill orcs a rothe a rabid rat 2 giant bats 2 orc zombies 6 dwarf zombies 2 wererats 6 werejackals 8 iguanas 3 killer bees 3 acid blobs 3 coyotes 3 gas spores a hobbit 7 hobgoblins 10 giant rats 10 cave spiders 3 brown molds 3 yellow molds 2 green molds 4 red molds 62 gnomes 7 garter snakes 14 manes 2 gnome zombies 7 geckos 13 jackals a fox 2 kobolds 6 goblins 2 sewer rats 7 grid bugs 10 bats 8 lichens 2 kobold zombies 13 newts 452 creatures vanquished. Voluntary challenges: You had been an atheist until turn 4823. You used a wielded weapon 708 times, starting on turn 55. You read items or engraved 60 times, starting on turn 2. You never genocided any monsters. You never polymorphed an object. You changed form 1 time, starting on turn 4631. You cheated 3 times but completed Sokoban on turn 11412. You used no wishes. You never split a pudding. You wrote Elbereth's name 18 times, starting on turn 2469. You never violated your personal moral code. Dungeon overview: The Dungeons of Doom: levels 1 to 10 Level 1 a fountain a long staircase Level 2 a sink Level 3 Level 4 a fountain stairs to The Gnomish Mines Level 5 some fountains Level 6 a general store Level 7 a fountain Level 8 some sinks Level 9 some fountains Level 10 a sink stairs to Sokoban The Gnomish Mines: levels 5 to 13 Level 5 stairs to The Dungeons of Doom Level 6 Level 7 many shops, a temple to Susanowo, some fountains Level 8 <- You were here Level 9 Level 10 Level 11 Level 12 Level 13 some fountains Sokoban: levels 6 to 9 Level 6 Level 7 Level 8 Level 9 stairs to The Dungeons of Doom History has recorded: On T:1 you entered the Dungeons of Doom to retrieve the Amulet of Yendor! On T:295 you reached level 2 of The Dungeons of Doom. On T:508 you advanced to experience level 2. On T:576 you reached level 3 of The Dungeons of Doom. On T:879 you reached level 4 of The Dungeons of Doom. On T:1008 you advanced to experience level 3. On T:1202 you reached level 5 of The Dungeons of Doom. On T:1428 you advanced to experience level 4. On T:1560 you reached level 6 of The Dungeons of Doom. On T:1798 you advanced to experience level 5. On T:2071 you reached level 7 of The Dungeons of Doom. On T:2194 you advanced to experience level 6. On T:2296 you reached level 8 of The Dungeons of Doom. On T:2818 you advanced to experience level 7. On T:3253 you reached level 1 of The Gnomish Mines. On T:3552 you reached level 2 of The Gnomish Mines. On T:4561 you reached level 3 of The Gnomish Mines. On T:4574 you reached level 4 of The Gnomish Mines. On T:4726 you advanced to experience level 8. On T:6212 you reached level 9 of The Dungeons of Doom. On T:6418 you advanced to experience level 9. On T:6420 you received advice from The Oracle. On T:6420 you advanced to experience level 10. On T:6733 you reached level 10 of The Dungeons of Doom. On T:7234 you reached level 4 of Sokoban. On T:7563 you reached level 3 of Sokoban. On T:8038 you advanced to experience level 11. On T:8247 you reached level 2 of Sokoban. On T:8891 you reached level 1 of Sokoban. On T:11412 you entered the Sokoban zoo. On T:13050 you reached level 5 of The Gnomish Mines. On T:13416 you reached level 6 of The Gnomish Mines. On T:13943 you reached level 7 of The Gnomish Mines. On T:14320 you reached level 8 of The Gnomish Mines. On T:15122 you reached level 9 of The Gnomish Mines. Score breakdown: Gold: 1848 (11112 points) Experience: 11 levels (17616 points) Exploration: 13 levels ( 28.26%) (15491 points) Discoveries: 32 items ( 12.96%) (10798 points) Valuables value: (no points given unless you survive) Artifact value: 4000 (12253 points) Variety of kills: 124 monsters ( 32.72%) (17159 points) Time penalty: 16668 turns (-3133 points) Survival: quit (score multiplied by 90%) Total score: 73166 Latest messages: You have a little trouble lifting N - an uncursed scroll labeled KIRJE. You have a little trouble lifting Y - 2 uncursed scrolls called earth. (You can name an emerald potion from the item naming menu.) Your brilliant blue potion boils and explodes! (You can name a brilliant blue potion from the item naming menu.) Your potion of full healing boils and explodes! Your magenta potion boils and explodes! (You can name a magenta potion from the item naming menu.) Your smoky potion boils and explodes! (You can name a smoky potion from the item naming menu.) You have a little trouble lifting C - an uncursed sapphire ring. You have a little trouble lifting n - an uncursed twisted ring. You have a little trouble lifting v - a cursed wand called cancel/invis. You have a little trouble lifting V - an uncursed wand called tele. You have a little trouble lifting l - an uncursed wand called tele. A wand of magic missile lands on the altar. S - an uncursed wand of striking. A wand of slow monster lands on the altar. To quit the game, use the 'save' command (typically on 'S'). Final status: Sayonara E the Samurai, quit... You quit in The Gnomish Mines on dungeon level 8 with 73166 points, and 1848 pieces of gold, after 16668 moves. You were level 11 with a maximum of 100 hit points when you quit.